 Dungeon Crawl Stone Soup version 0.24.0-13-gcf9b319 (webtiles) character file.

Game seed: 15199413920366778086, levelgen mode: deterministic

114 Fang the Covered (level 4, -2/29 HPs)
             Began as a Gargoyle Fighter on Dec 16, 2019.
             Slain by a gnoll
             ... wielding a +0 spear
              (3 damage)
             ... on level 2 of the Dungeon.
             The game lasted 00:03:03 (1243 turns).

Fang the Covered (Gargoyle Fighter)                 Turns: 1243, Time: 00:03:04

Health: -2/29      AC: 10    Str: 20    XL:     4   Next: 98%
Magic:  4/4        EV:  7    Int:  9    God:
Gold:   97         SH: 11    Dex:  9    Spells: 3/3 levels left

rFire    . . .     SeeInvis .   a - +0 war axe
rCold    . . .     Gourm    .   c - +0 shield
rNeg     + . .     Faith    .   b - +0 scale mail
rPois    ∞         Spirit   .   (no helmet)
rElec    +         Reflect  +   (no cloak)
rCorr    .         Harm     .   (no gloves)
MR       .....                  (no boots)
Stlth    ..........             l - +2 amulet of reflection
HPRegen  0.09/turn              (no ring)
MPRegen  0.09/turn              (no ring)

@: no status effects
A: negative energy resistance 1, electricity resistance, unbreathing,
petrification resistance, rot immunity, AC +3
a: no special abilities


You were on level 2 of the Dungeon.
You were not hungry.

You visited 1 branch of the dungeon, and saw 2 of its levels.

You collected 97 gold pieces.

Inventory:

Hand Weapons
 a - a +0 war axe (weapon)
Armour
 b - a +0 scale mail (worn)
 c - a +0 shield (worn)
Jewellery
 l - a +2 amulet of reflection (around neck)
Scrolls
 e - 4 scrolls of identify {unknown}
 h - 3 scrolls of teleportation {unknown}
 j - 2 scrolls of remove curse {unknown}
 m - a scroll of fog {unknown}
 n - a scroll of fear {unknown}
Potions
 d - a potion of might
 i - 3 potions of flight {unknown}
 k - a potion of heal wounds {unknown}
Comestibles
 f - 3 rations
 g - 6 chunks of flesh


   Skills:
 + Level 4.1 Fighting
 + Level 2.6 Axes
 + Level 4.1 Armour
 + Level 4.1 Shields


You had 3 spell levels left.
You didn't know any spells.
Your spell library was empty.

Dungeon Overview and Level Annotations

Branches:
Dungeon (2/15)

Altars:


Innate Abilities, Weirdness & Mutations

You are resistant to torment.
Your stone body is resilient. (AC +3)
You are immune to poison.
You resist negative energy. (rN+)
You are resistant to electric shocks. (rElec)
You can survive without breathing.
You are immune to petrification.
You are immune to rotting.


Message History

You are too injured to fight recklessly!
You are too injured to fight recklessly!
You are too injured to fight recklessly!
You are too injured to fight recklessly!
You hit the gnoll.
The gnoll is severely wounded.
The gnoll hits you but does no damage. The gnoll barely misses you.
You slash the gnoll!
You kill the gnoll!
The gnoll hits you but does no damage. The gnoll barely misses you.
Items here: ))) ††† You slash the gnoll!
The gnoll is almost dead.
The gnoll hits you but does no damage. The gnoll hits you with a +0 spear!
* * * LOW HITPOINT WARNING * * *
You barely miss the gnoll.
The gnoll is severely wounded.
The gnoll hits you with a +0 spear.
You die...

#######################.
.......[........@g......
######################## #
##### # #...# # #.#.# # #.#.#
# #.#.# ########### # #.#.#
#.......... #
#####.#.############..........


You could see a gnoll.

Vanquished Creatures
  An adder (D:2)
  3 gnolls (D:2)
  An ooze (D:2)
  2 worms
  A dart slug (D:1)
  A leopard gecko (D:1)
  A ball python (D:1)
  4 bats
  3 giant cockroaches
  8 goblins
  7 hobgoblins
  14 jackals
  6 kobolds
  2 frilled lizards (D:1)
  3 rats
57 creatures vanquished.

Notes
Turn   | Place    | Note
-------+----------+-------------------------------------------
     0 | D:1      | Fang the Gargoyle Fighter began the quest for the Orb.
     0 | D:1      | Reached XP level 1. HP: 14/14 MP: 1/1
   211 | D:1      | Reached XP level 2. HP: 19/19 MP: 2/2
   277 | D:1      | Reached XP level 3. HP: 17/23 MP: 3/3
   927 | D:2      | Reached XP level 4. HP: 29/29 MP: 4/4
  1242 | D:2      | HP: 1/29 [gnoll/+0 spear (7)]
  1243 | D:2      | Slain by a gnoll

Levels and vault maps discovered:
D:1:      evilmike_arrival_run_for_it, layout_basic
D:2:      layout_basic

Skill      XL: |  1  2  3  4 |
---------------+-------------+-----
Axes           | 2 |  2.6
Shields        | 4 |  4.1
Fighting       | 4 |  4.1
Armour         | 4 |  4.1

Action                   |  1- 3 |  4- 6 || total
-------------------------+-------+-------++-------
Melee: War axe           |   126 |    66 ||   192
  Eat: Chunk             |       |     2 ||     2
Armor: Scale mail        |   106 |    34 ||   140
Dodge: Dodged            |    54 |    28 ||    82
Block: Shield            |    93 |    48 ||   141
       Reflection        |     2 |       ||     2
